 Dungeon Crawl Stone Soup version 0.23.2-1-ga50397a (webtiles) character file.

Game seed: 5670785246078960724

3911 Happin1 the Grappler (level 10, -11/91 HPs)
             Began as a Troll Berserker on May 27, 2019.
             Was an Elder of Trog.
             Mangled by an ogre
             ... wielding a cursed +0 giant club
              (28 damage)
             ... on level 2 of the Orcish Mines.
             The game lasted 00:48:51 (5997 turns).

Happin1 the Grappler (Troll Berserker)              Turns: 5997, Time: 00:48:52

Health: -11/91     AC:  7    Str: 30    XL:     10   Next: 1%
Magic:  9/9        EV: 11    Int:  3    God:    Trog [****..]
Gold:   538        SH:  0    Dex:  9    Spells: 9/9 levels left

rFire    . . .     SeeInvis .     - Unarmed
rCold    . . .     Gourm    +   (no shield)
rNeg     . . .     Faith    .   a - +0 animal skin
rPois    .         Spirit   .   (helmet restricted)
rElec    .         Reflect  .   r - +0 cloak
rCorr    .         Harm     .   (gloves unavailable)
MR       .....                  (boots unavailable)
Stlth    ++........             w - amulet of the gourmand
HPRegen  0.65/turn              v - ring of stealth
MPRegen  0.11/turn              (no ring)

@: no status effects
A: large, unfitting armour, claws 3, fast metabolism 3, gourmand, regeneration
1, shaggy fur 1, tough skin 3
a: Berserk, Trog's Hand, Brothers in Arms, Renounce Religion


You were on level 2 of the Orcish Mines.
You worshipped Trog.
Trog was greatly pleased with you.
You were full.

You visited 2 branches of the dungeon, and saw 9 of its levels.

You collected 538 gold pieces.

Inventory:

Armour
 a - a +0 animal skin (worn)
 r - a +0 cloak (worn)
Jewellery
 f - a +3 ring of slaying
 n - a +2 ring of slaying
 v - a ring of stealth (left claw)
 w - an amulet of the gourmand (around neck)
Wands
 o - a wand of clouds (3)
 s - a wand of random effects (34)
Scrolls
 c - 3 scrolls of enchant weapon {unknown}
 d - 4 scrolls of magic mapping {unknown}
 g - a scroll of immolation {unknown}
 h - 3 scrolls of teleportation {unknown}
 i - 6 scrolls of identify {unknown}
 k - 2 scrolls of blinking {unknown}
 m - a scroll of holy word {unknown}
 u - 2 scrolls of remove curse {unknown}
Potions
 e - 3 potions of lignification {unknown}
 j - 2 potions of heal wounds {unknown}
 l - a potion of brilliance {unknown}
 p - 5 potions of curing {unknown}
 t - a potion of magic {unknown}
Comestibles
 b - 16 rations


   Skills:
 + Level 3.4 Fighting
 + Level 5.1 Dodging
 + Level 1.0 Stealth
 * Level 12.8 Unarmed Combat


You had 9 spell levels left.
You didn't know any spells.
Your spell library was empty.

Dungeon Overview and Level Annotations

Branches:
Dungeon (9/15)                Orc (2/2) D:9             Elf (0/3) Orc:2
 Temple: D:4-7         Lair: D:8-11

Altars:
Vehumet
Beogh

Annotations:
D:5 Dowan, Edmund


Innate Abilities, Weirdness & Mutations

You are too large for most types of armour.
You have claws for hands.
Your metabolism is lightning-fast.
You like to eat raw meat.
Your natural rate of healing is unusually fast.
You are covered in fur. (AC +1)
You have extremely tough skin. (AC +3)


Message History

Beogh smites you!
You hear a shout!
You see here 20 gold pieces.
Your ogre completely misses the orc warrior.
The orc warrior hits you from afar with a cursed -1 glaive!
* * * LOW HITPOINT WARNING * * *
Your ogre misses the orc warrior.
The ogre hits your ogre with a cursed +0 giant club!
Your ogre barely misses the ogre.
The orc warrior barely misses you.
An orc comes into view. It is wielding a +0 flail.
Your ogre hits the ogre with a +0 giant spiked club.
The orc priest begins to cast a cantrip, but forgets the words!
The orc warrior hits you from afar with a cursed -1 glaive!
* * * LOW HITPOINT WARNING * * *
Your ogre hits the ogre with a +0 giant spiked club.
An orc comes into view. It is wielding a +0 hand axe.
You scratch the ogre.
The ogre is severely wounded.
The ogre hits you with a cursed +0 giant club!!
You die...

........<........ ..
.>.........o.....
....................
....................
....#.......o..#....
#.#.......o)..#<..#
#.....#...$......#
#....##O......#.##
#....@Oo.......##
#.....##....##...#
#..### ##...# ....#
#.. #..## ...## #
..... .## #......
...#...# ###.##


You could see an orc warrior, an ogre, an orc priest, an orc and a friendly ogre
(berserk).

Vanquished Creatures
  A two-headed ogre (D:8)
  A shadow (D:9)
  3 wargs (D:9)
  3 sky beasts (D:8)
  3 orc warriors
  4 ogres
  A phantom (D:8)
  A necrophage (D:8)
  2 centaurs (D:8)
  A big kobold (D:9)
  2 bullfrogs
  2 scorpions
  5 wights (D:8)
  A howler monkey (D:9)
  2 crimson imps
  A bullfrog zombie (D:8)
  4 jellies (D:8)
  4 hounds
  4 orc priests
  Crazy Yiuf (D:3)
  A centaur skeleton (D:4)
  6 orc wizards
  2 worker ants
  A statue (D:9)
  A howler monkey zombie (D:9)
  3 adders
  3 shadow imps (D:9)
  6 oozes
  3 worms
  7 dart slugs
  3 leopard geckos
  36 orcs
  A ball python (D:3)
  4 giant cockroaches
  5 goblins
  6 hobgoblins
  11 jackals
  2 quokkas
  8 bats
  2 frilled lizards
  A jackal skeleton (D:4)
  10 kobolds
  A quokka skeleton (D:4)
  4 rats
173 creatures vanquished.

Vanquished Creatures (collateral kills)
  An orc warrior (Orc:1)
  An orc wizard (Orc:1)
  2 orcs (Orc:1)
4 creatures vanquished.

Grand Total: 177 creatures vanquished

Notes
Turn   | Place    | Note
-------+----------+-------------------------------------------
     0 | D:1      | Happin1 the Troll Berserker began the quest for the Orb.
     0 | D:1      | Reached XP level 1. HP: 22/22 MP: 0/0
   316 | D:1      | Reached XP level 2. HP: 29/29 MP: 1/1
   995 | D:2      | Reached skill level 4 in Unarmed Combat
  1035 | D:2      | Reached XP level 3. HP: 27/36 MP: 2/2
  1248 | D:2      | Reached ** piety under Trog
  1761 | D:3      | Reached XP level 4. HP: 37/44 MP: 3/3
  1878 | D:3      | Reached skill level 5 in Unarmed Combat
  1921 | D:3      | Reached XP level 5. HP: 37/50 MP: 4/4
  1978 | D:3      | Reached *** piety under Trog
  2185 | D:3      | Found a runed translucent door.
  2186 | D:3      | Noticed Crazy Yiuf
  2191 | D:3      | Killed Crazy Yiuf
  2393 | D:3      | Found a faded altar of an unknown god.
  2483 | D:4      | Noticed an ogre
  2493 | D:4      | Killed an ogre
  2493 | D:4      | Reached skill level 6 in Unarmed Combat
  2493 | D:4      | Reached XP level 6. HP: 46/59 MP: 5/5
  2886 | D:4      | Reached skill level 7 in Unarmed Combat
  3026 | D:4      | Reached XP level 7. HP: 66/66 MP: 6/6
  3291 | D:5      | Entered Level 5 of the Dungeon
  3291 | D:5      | Noticed Edmund
  3310 | D:5      | Noticed Dowan
  3310 | D:5      | You fall through a shaft for 3 floors!
  3463 | D:8      | Reached skill level 8 in Unarmed Combat
  3555 | D:8      | Reached XP level 8. HP: 69/75 MP: 7/7
  3571 | D:8      | Reached skill level 9 in Unarmed Combat
  3895 | D:8      | Reached skill level 10 in Unarmed Combat
  4116 | D:8      | Noticed a two-headed ogre
  4126 | D:8      | Killed a two-headed ogre
  4126 | D:8      | Reached skill level 11 in Unarmed Combat
  4126 | D:8      | Reached XP level 9. HP: 64/83 MP: 8/8
  4256 | D:8      | Reached **** piety under Trog
  4890 | D:9      | Reached skill level 5 in Dodging
  4890 | D:9      | Reached skill level 12 in Unarmed Combat
  4897 | D:9      | Found a staircase to the Orcish Mines.
  4949 | D:9      | Found a radiant altar of Vehumet.
  5114 | D:9      | Reached skill level 1 in Stealth
  5637 | Orc:1    | Entered Level 1 of the Orcish Mines
  5694 | Orc:1    | Found a roughly hewn altar of Beogh.
  5970 | Orc:2    | Entered Level 2 of the Orcish Mines
  5970 | Orc:2    | Found a staircase to the Elven Halls.
  5984 | Orc:2    | Reached XP level 10. HP: 83/91 MP: 9/9
  5997 | Orc:2    | Mangled by an ogre

Skill      XL: |  1  2  3  4  5  6  7  8  9 |
---------------+----------------------------+-----
Unarmed Combat | 4 5 6 7 8 11 12 | 12.8
Dodging        | 3 4 5 |  5.1
Fighting       | 3 |  3.4
Stealth        | 1 |  1.0

Action                   |  1- 3 |  4- 6 |  7- 9 | 10-12 || total
-------------------------+-------+-------+-------+-------++-------
Melee: Unarmed           |    86 |   118 |   251 |     3 ||   458
       Punch             |     2 |     5 |    16 |       ||    23
Invok: Trog's Hand       |       |       |     5 |       ||     5
       Berserk           |       |       |     3 |       ||     3
       Brothers in Arms  |       |       |     1 |     1 ||     2
 Stab: Sleeping          |       |       |     1 |       ||     1
  Eat: Chunk             |    12 |     9 |    31 |       ||    52
       Ration            |     1 |       |     2 |       ||     3
Armor: Animal skin       |    25 |    45 |    71 |     1 ||   142
Dodge: Dodged            |    51 |    60 |   133 |     2 ||   246
